AoeStats
← cocs.bluntt

Arabian Desert

510223068Analyzed
1v1 RM · 2d ago on Sep 30, 2026· 72m 37s· 2 players
Game mode
Random Map
Map size
Tiny (2 player)
Population
200
Speed
Normal
Resources
Standard
Victory
Conquest
Starting age
Dark Age
Ending age
Imperial Age
RankedLock teamsTeams togetherTeam positionsShared explorationLock speedFull tech treeHidden civsTurbo modeCheats
Victory
Defeat
🇲🇽 Mongols · Mexico
648
+16
🇨🇦 Varangians · Canada
649
-16
cocs.bluntt
8:40 Loom
12:19 Feudal Age
10:35 Loom
13:07 Horse Collar
18:15 Castle Age
16:32 Double-Bit Axe
24:30 Fletching
32:37 Imperial Age
33:28 Gold Mining
35:56 Conscription
39:23 Murder Holes
42:53 Gold Shaft Mining
42:15 Town Watch
43:06 Wheelbarrow
43:48 Light Cavalry
44:39 Bloodlines
47:01 Chemistry
46:43 Husbandry
46:17 Elite Mangudai
47:16 Bodkin Arrow
59:56 Padded Archer Armor
59:57 Bracer
59:22 Hussar
60:55 Town Patrol
71:03 Leather Archer Armor
70:57 Scale Barding Armor
73:15 Ballistics
tyler15.adam22
10:33 Feudal Age
11:10 Loom
11:32 Double-Bit Axe
15:44 Bloodlines
16:51 Horse Collar
17:51 Forging
24:25 Castle Age
24:11 Wheelbarrow
23:59 Fletching
25:52 Bodkin Arrow
27:33 Bow Saw
28:04 Heavy Plow
28:19 Gold Mining
28:59 Squires
30:23 Fervor
29:48 Elite Skirmisher
32:11 Gambesons
32:33 Scale Mail Armor
33:23 Hand Cart
35:15 Forging
36:41 Arson
42:06 Imperial Age
40:25 Pikeman
41:47 Ballistics
43:51 Devotion
44:02 Town Watch
57:16 Bracer
57:39 Chain Mail Armor
58:00 Iron Casting
57:56 Elite Varangian Guard
59:20 Halberdier
62:04 Two-Man Saw
61:56 Chain Mail Armor
Connection lost

Rejoining the realm…

Still unreachable

The connection could not be restored.

Session expired

The server has moved on; the page needs a fresh start.